Map: Ulrena

Players

MCanning - Winner!

  • Race: Protoss Protoss
  • League: Grandmaster

Diarreia

  • Race: Zerg Zerg
  • League: Master

VOD

Have the link to the VOD?

Description

Time

  • Played on: Dec. 7, 2015, 11:56 p.m.
  • Length: 10:48
Show
View Real Time Build Order
Export as new Build Order

MCanning Protoss - Winner!

Build Orders:  

Get SALT Encoding   

  12  0:02  Probe (Chrono Boost)  
  13  0:13  Probe (Chrono Boost)  
  14  0:19  Pylon  
  14  0:23  Probe (Chrono Boost)  
  15  0:38  Probe (Chrono Boost)  
  16  0:43  Gateway  
  16  0:48  Probe (Chrono Boost)  
  17  0:58  Assimilator  
  17  0:59  Probe (Chrono Boost)  
  18  1:09  Probe (Chrono Boost)  
  19  1:20  Probe (Chrono Boost)  
  20  1:31  Cybernetics Core, Pylon  
  20  1:32  Zealot  
  22  1:33  Probe (Chrono Boost)  
  23  1:40  Assimilator  
  23  1:47  Pylon  
  23  1:50  Probe (Chrono Boost)  
  24  2:00  Probe (Chrono Boost)  
  25  2:07  Pylon  
  25  2:11  Mothership Core (Chrono Boost)  
  25  2:13  Adept  
  29  2:20  Warp Gate (Chrono Boost)  
  29  2:25  Gateway  
  29  2:29  Probe (Chrono Boost)  
  30  2:40  Probe (Chrono Boost)  
  30  2:42  Sentry (Chrono Boost)  
  32  2:50  Probe  
  33  2:55  Gateway  
  33  3:07  Probe  
  33  3:12  Pylon  
  34  3:16  Robotics Facility  
  34  3:20  Probe  
  34  3:26  Pylon  
  35  3:32  Probe  
  36  3:44  Probe  
  36  3:48  Nexus  
  37  3:50  Pylon  
  37  3:55  Pylon  
  35  4:04  Warp Prism (Chrono Boost)  
  37  4:14  Sentry  
  37  4:15  Adept  
  41  4:19  Adept  
  43  4:24  Nexus  
  43  4:28  Pylon  
  43  4:36  Probe  
  44  4:43  Observer (Chrono Boost)  
  45  4:48  Adept x2  
  45  4:49  Adept  
  51  4:56  Gateway  
  51  5:02  Pylon  
  51  5:03  Probe  
  52  5:16  Probe  
  53  5:23  Robotics Bay  
  53  5:28  Probe  
  53  5:32  Sentry  
  55  5:35  Probe  
  55  5:40  Probe  
  57  5:43  Forge  
  57  5:48  Probe  
  58  5:52  Probe  
  59  5:58  Probe  
  59  5:59  Assimilator  
  59  6:01  Assimilator  
  60  6:04  Probe  
  60  6:08  Twilight Council  
  60  6:09  Probe  
  60  6:11  Stalker  
  64  6:15  Adept  
  64  6:17  Probe  
  70  6:18  Disruptor (Chrono Boost)  
  70  6:38  Probe  
  71  6:41  Probe  
  71  6:45  Protoss Ground Weapons Level 1 (Chrono Boost)  
  72  6:47  Blink (Chrono Boost)  
  72  6:50  Probe  
  72  6:51  Probe  
  74  6:57  Nexus  
  74  7:03  Pylon x2  
  74  7:06  Disruptor (Chrono Boost)  
  74  7:07  Pylon  
  74  7:08  Probe  
  77  7:09  Probe  
  79  7:18  Probe  
  80  7:35  Gateway, Disruptor (Chrono Boost)  
  80  7:36  Gateway  
  83  7:53  Probe  
  83  7:55  Probe  
  83  7:57  Gateway  
  83  7:58  Gateway, Pylon  
  85  8:01  Assimilator  
  85  8:03  Disruptor  
  85  8:04  Stalker, Assimilator  
  85  8:05  Probe  
  88  8:10  Stalker  
  88  8:11  Stalker  
  95  8:22  Probe  
  95  8:26  Zealot  
  98  8:27  Zealot  
  98  8:33  Zealot  
  98  8:34  Zealot  
  104  8:37  Stalker  
  104  8:39  Probe  
  99  8:52  Stalker x2  
  99  8:54  Stalker  
  99  8:55  Stalker  
  107  8:56  Zealot  
  109  9:04  Stalker x2, Disruptor  
  116  9:12  Probe  
  116  9:16  Probe  
  118  9:22  Stalker x2  
  122  9:27  Stalker  
  124  9:49  Stalker x4  
  132  9:55  Pylon  
  132  10:03  Disruptor  
  132  10:05  Probe  
  128  10:17  Stalker x2  
  128  10:18  Stalker x3  
Show
View Real Time Build Order
Export as new Build Order

Diarreia Zerg 

Build Orders: Pool First 

Get SALT Encoding   

  12  0:00  Drone  
  13  0:09  Drone  
  14  0:18  Extractor  
  14  0:19  Drone  
  14  0:34  Spawning Pool  
  13  0:35  Drone  
  14  0:44  Drone, Extractor  
  15  0:52  Overlord  
  15  1:20  Metabolic Boost  
  15  1:21  Zergling x6  
  18  1:29  Queen  
  20  1:33  Zergling x2  
  21  1:44  Zergling x2  
  22  2:06  Hatchery  
  21  2:10  Zergling x2  
  21  2:13  Overlord  
  21  2:14  Extractor  
  21  2:17  Zergling x2  
  23  2:31  Queen  
  23  2:33  Drone  
  26  2:47  Drone x4  
  29  2:59  Overlord  
  29  3:20  Zergling x8  
  29  3:23  Spine Crawler  
  29  3:25  Spine Crawler  
  31  3:27  Drone  
  31  3:31  Drone  
  31  3:32  Drone  
  34  3:40  Drone x2  
  36  3:47  Overlord  
  36  4:07  Drone x3  
  36  4:08  Drone  
  38  4:13  Drone x4  
  38  4:14  Queen  
  40  4:40  Drone x4  
  43  4:47  Roach Warren  
  43  4:52  Drone x2  
  44  4:53  Overlord  
  44  4:57  Overlord x2  
  44  5:06  Overlord  
  44  5:07  Hatchery  
  44  5:12  Extractor  
  42  5:20  Overlord  
  42  5:24  Queen  
  42  5:28  Roach x5  
  46  5:32  Drone x2  
  46  5:34  Drone  
  57  5:40  Drone x2  
  59  5:45  Drone  
  60  5:51  Roach  
  62  5:58  Roach  
  62  6:00  Overlord  
  62  6:03  Extractor  
  63  6:04  Lair  
  63  6:07  Evolution Chamber  
  63  6:08  Drone x4  
  66  6:15  Drone  
  67  6:20  Drone  
  67  6:21  Drone  
  67  6:24  Queen  
  71  6:27  Drone x2  
  69  6:41  Drone x6  
  75  6:47  Drone x3  
  75  6:48  Zerg Missile Weapons Level 1  
  78  6:56  Roach x3  
  78  7:01  Drone x5  
  87  7:07  Overlord  
  88  7:16  Roach  
  88  7:21  Overlord x2  
  89  7:23  Overlord, Glial Reconstitution  
  89  7:26  Overlord x2  
  89  7:29  Roach x3  
  95  7:43  Overseer  
  75  7:44  Ravager  
  75  7:45  Roach x3  
  75  7:46  Roach x4  
  75  7:51  Drone, Extractor  
  91  7:53  Extractor  
  91  7:54  Extractor  
  91  7:55  Drone x2  
  90  8:02  Roach  
  92  8:12  Hatchery  
  91  8:17  Roach  
  91  8:18  Roach x6  
  105  8:21  Infestation Pit  
  104  8:28  Overlord  
  104  8:30  Drone x2  
  104  8:31  Drone  
  107  8:36  Roach x3  
  112  8:49  Hatchery  
  111  8:56  Roach  
  111  8:57  Roach x9  
  111  8:59  Hive  
  131  9:03  Evolution Chamber  
  131  9:04  Drone x4  
  131  9:05  Drone, Hydralisk Den  
  134  9:15  Drone x3  
  137  9:26  Pneumatized Carapace  
  137  9:28  Drone x2  
  137  9:29  Drone  
  140  9:32  Hatchery  
  140  9:33  Ravager x3  
  114  9:47  Roach  
  114  9:48  Roach x7  
  114  9:52  Ravager x4  
  133  9:53  Ravager  
  133  9:55  Zergling x4  
  133  10:05  Zergling x10  
  133  10:06  Zergling x2  
  119  10:15  Roach  
  119  10:20  Roach x2  
  124  10:25  Roach x2  
Tags
 
Add a new tag
Caveats
  • Supply blocks, unpowered buildings, or Contaminate may cause inaccurate times.
  • Supply counts are checked every 10 seconds.